 Dungeon Crawl Stone Soup version 0.16-a0-3494-g28000b7 (webtiles) character file.

546 zercules the Spear-Bearer (level 7, -2/58 HPs)
             Began as a Hill Orc Berserker on Jan 5, 2015.
             Was a Priest of Trog.
             Slain by an orc wizard
             ... wielding a +0 rapier
              (3 damage)
             ... on level 4 of the Dungeon.
             The game lasted 00:13:24 (3184 turns).

zercules the Spear-Bearer (Hill Orc Berserker)      Turns: 3184, Time: 00:13:24

Health: -2/58      AC:  8    Str: 20    XL:     7   Next: 28%
Magic:  7/7        EV: 11    Int:  7    God:    Trog [***...]
Gold:   137        SH:  0    Dex: 12    Spells: 0 memorised, 6 levels left

rFire  . . .     SeeInvis .     k - +1 trident
rCold  . . .     Clarity  .     h - +0 ring mail (curse)
rNeg   . . .     SustAb   .     (no shield)
rPois  .         Gourm    .     (no helmet)
rElec  .         Spirit   .     (no cloak)
rCorr  .         Warding  .     (no gloves)
rMut   .         Stasis   .     (no boots)
MR     .....                    (no amulet)
Stlth  +.........               (no ring)
                                b - +3 ring of protection (curse)

@: exhausted, not resistant to hostile enchantments, very unstealthy
A: no striking features
a: Burn Spellbooks, Berserk, Trog's Hand, Renounce Religion


You were on level 4 of the Dungeon.
You worshipped Trog.
Trog was most pleased with you.
You were not hungry.

You visited 1 branch of the dungeon, and saw 4 of its levels.
You also visited: Ossuary.

You collected 137 gold pieces.


   Skills:
 - Level 3.8 Fighting
 + Level 8.8 Polearms
 - Level 2.1 Armour
 - Level 1.5 Dodging


You had 6 spell levels left.
You didn't know any spells.

Dungeon Overview and Level Annotations

Branches:
Dungeon (4/15)
 Temple: D:4-7

Altars:
Gozag
Nemelex Xobeh
Qazlal

Inventory:

Hand weapons
 a - a +0 spear
 k - a +1 trident (weapon)
Missiles
 r - 3 javelins (quivered)
Armour
 h - a cursed +0 ring mail (worn)
 m - a +0 helmet
 o - a +1 cloak of magic resistance
   (You took it off Crazy Yiuf on level 3 of the Dungeon)
Jewellery
 b - a cursed +3 ring of protection (left hand)
Magical devices
 q - a wand of flame (22)
Scrolls
 j - a scroll of remove curse {@r8}
 s - a scroll of teleportation {unknown}
 t - a scroll of identify {unknown}
Potions
 d - a potion of restore abilities {unknown}
 e - 2 potions of might {unknown}
 g - a potion of haste {@q3}
 i - 4 potions of curing {unknown}
 l - a potion of heal wounds {@q2}
 n - a potion of beneficial mutation {unknown}
 p - 2 potions of invisibility {unknown}
Comestibles
 c - 4 meat rations
 f - a bread ration

.. ... #. #.# #. #.# #. #.#
#.## #.# #. #.# ..# #.# #.
#.# ########.## #.#
#.####.## .)......(.#
#.#.#....#.#. ..........(##
#.#.(........
.......)(.o)####.#######....
..........#@#...............
..?o....g#.o....###..######
...o.....#......# #..######
.........#......###........
........#..#.....#........
########...##.#.#........
#......#.#...#####
###..#.#.#...# ###.#.#.#...#


You could see an orc wizard and an orc.


Message History

Zercules' ghost hits you but does no damage.
The goblin hits you with a dagger.
* * * LOW HITPOINT WARNING * * *
You closely miss zercules' ghost.
Zercules' ghost is almost destroyed.
Zercules' ghost barely misses you. The goblin hits you but does no damage.
Zercules' ghost hits you but does no damage.
You completely miss zercules' ghost.
Zercules' ghost is almost destroyed.
The goblin barely misses you. Zercules' ghost barely misses you.
The goblin hits you but does no damage.
You hit zercules' ghost but do no damage.
Zercules' ghost is almost destroyed.
Zercules' ghost hits you.
* * * LOW HITPOINT WARNING * * *
The goblin hits you but does no damage.
You hit zercules' ghost but do no damage.
Zercules' ghost is almost destroyed.
Zercules' ghost hits you but does no damage.
The goblin hits you but does no damage. Zercules' ghost closely misses you.
You hit zercules' ghost but do no damage.
Zercules' ghost is almost destroyed.
You feel yourself speed up. The goblin hits you but does no damage.
Zercules' ghost hits you.
* * * LOW HITPOINT WARNING * * *
The goblin hits you but does no damage.
You hit zercules' ghost but do no damage.
Zercules' ghost is almost destroyed.
Zercules' ghost closely misses you. The goblin hits you but does no damage.
You closely miss zercules' ghost.
Zercules' ghost is almost destroyed.
Zercules' ghost hits you but does no damage.
You closely miss zercules' ghost.
Zercules' ghost is almost destroyed.
The goblin hits you but does no damage.
Zercules' ghost hits you but does no damage.
You puncture zercules' ghost!
You destroy zercules' ghost!
The goblin barely misses you.
You hit the goblin but do no damage. The goblin barely misses you.
You closely miss the goblin. The goblin hits you with a dagger.
* * * LOW HITPOINT WARNING * * *
You puncture the goblin!
You kill the goblin!
Trog accepts your kill.
The orc wizard gestures wildly while chanting.
The orc wizard seems to speed up.
You barely miss the orc. You puncture the orc wizard!
The orc wizard is heavily wounded.
You hit the orc wizard.
The orc wizard is heavily wounded.
The orc wizard misses you. The orc barely misses you.
The orc hits you but does no damage. The orc wizard hits you with a rapier.
* * * LOW HITPOINT WARNING * * *
Things that are here:
a dagger; a goblin corpse You barely miss the orc.
The orc wizard hits you but does no damage.
The orc closely misses you. The orc hits you but does no damage.
You hit the orc wizard but do no damage.
The orc wizard is heavily wounded.
The orc wizard hits you but does no damage.
The orc hits you but does no damage.
You puncture the orc!
You kill the orc!
Trog accepts your kill. The orc wizard hits you with a rapier.
You die...

Action                   |  1- 3 |  4- 6 |  7- 9 || total
-------------------------+-------+-------+-------++-------
Melee: Spear             |   108 |       |       ||   108
       Trident           |    52 |   236 |    53 ||   341
Throw: Javelin           |       |     3 |       ||     3
Invok: Berserk           |     1 |     2 |       ||     3
  Use: Potion            |       |     7 |       ||     7
       Scroll            |       |     5 |       ||     5
  Eat: Chunk             |       |     3 |       ||     3
       Bread ration      |       |     2 |       ||     2
       Beef jerky        |       |     1 |       ||     1

Vault maps used:
D:1:      saegor_arrival_simple_d
D:2:      corexii_corridor_pit
D:3:      grunt_qazlal_clouds, grunt_temple_overflow_opulence, uniq_robin,
          uniq_crazy_yiuf_cottage
D:4:      enter_ossuary_2, serial_shops, kennysheep_mini
Ossuary:  ossuary_tomb_2

Notes
Turn   | Place    | Note
--------------------------------------------------------------
     0 | D:1      | zercules, the Hill Orc Berserker, began the quest for the Orb.
     0 | D:1      | Reached XP level 1. HP: 19/19 MP: 1/1
   293 | D:1      | Reached XP level 2. HP: 22/27 MP: 2/2
   359 | D:1      | Reached skill level 4 in Polearms
   738 | D:2      | Acquired Trog's second power
   738 | D:2      | Reached XP level 3. HP: 31/33 MP: 3/3
   847 | D:2      | You fall through a shaft!
  1103 | D:3      | Noticed Robin
  1139 | D:3      | Killed Robin
  1139 | D:3      | Reached skill level 5 in Polearms
  1139 | D:3      | Reached XP level 4. HP: 40/40 MP: 4/4
  1392 | D:3      | Noticed Crazy Yiuf
  1407 | D:3      | Killed Crazy Yiuf
  1804 | D:3      | Found a stormy altar of Qazlal.
  1829 | D:3      | Found an opulent altar of Gozag.
  1830 | D:3      | Found a sparkling altar of Nemelex Xobeh.
  1904 | D:4      | Found a sand-covered staircase.
  1910 | Ossuary  | Entered an ossuary
  1944 | Ossuary  | HP: 10/40 [poison (a needle trap)]
  1949 | Ossuary  | HP: 7/40 [poison (a potion of poison)]
  2240 | Ossuary  | Reached skill level 6 in Polearms
  2240 | Ossuary  | Reached XP level 5. HP: 27/46 MP: 5/5
  2453 | Ossuary  | Reached skill level 7 in Polearms
  2453 | Ossuary  | Reached XP level 6. HP: 32/52 MP: 6/6
  2860 | D:4      | Reached skill level 8 in Polearms
  3112 | D:4      | Noticed zercules' ghost (average DrAr)
  3130 | D:4      | Reached XP level 7. HP: 58/58 MP: 7/7
  3163 | D:4      | HP: 14/58 [zercules' ghost (6)]
  3168 | D:4      | HP: 10/58 [zercules' ghost (2)]
  3174 | D:4      | Killed zercules' ghost
  3176 | D:4      | HP: 2/58 [goblin/dagger (5)]
  3181 | D:4      | HP: 1/58 [orc wizard/rapier (2)]
  3184 | D:4      | Slain by an orc wizard

Vanquished Creatures
  The ghost of zercules the Charlatan, an average DrAr (D:4)
  A water moccasin zombie (Ossuary)
  A giant frog skeleton (D:4)
  An iguana (D:4)
  Crazy Yiuf (D:3)
  An orc priest (D:4)
  An orc wizard (D:4)
  A worker ant (D:4)
  6 big kobold zombies (Ossuary)
  2 mummies (Ossuary)
  Robin (D:3)
  2 adder zombies (Ossuary)
  An adder skeleton (D:4)
  4 giant geckos
  2 oozes
  3 orcs
  2 giant cockroaches
  12 hobgoblins
  3 jackals (D:2)
  7 kobolds
  2 quokkas
  4 bats
  A giant newt (D:3)
  5 gnoll zombies (Ossuary)
  11 goblins
  6 hobgoblin zombies (Ossuary)
  3 kobold zombies (Ossuary)
  2 orc zombies (Ossuary)
  7 rats
94 creatures vanquished.

Vanquished Creatures (others)
  A giant newt (D:3)
1 creature vanquished.

Grand Total: 95 creatures vanquished
